Map: Lerilak Crest

Players

lesha - Winner!

  • Race: Terran Terran

A.I. 1 (Very Hard)

  • Race: Terran Terran

VOD

Have the link to the VOD?

Description

Time

  • Played on: Dec. 5, 2015, 4:49 a.m.
  • Length: 16:19
Show
View Real Time Build Order
Export as new Build Order

lesha Terran - Winner!

Build Orders: MMM Bio 

Get SALT Encoding   

  12  0:01  SCV  
  13  0:13  SCV  
  14  0:17  Supply Depot  
  14  0:25  SCV  
  15  0:39  SCV  
  15  0:42  Barracks  
  16  0:51  SCV  
  18  1:04  SCV  
  18  1:16  SCV  
  19  1:22  Command Center  
  20  1:36  Orbital Command  
  19  1:42  Marine  
  20  1:52  Refinery  
  19  2:12  SCV  
  20  2:15  Marine  
  21  2:24  SCV  
  22  2:36  Supply Depot  
  22  2:39  Refinery, Orbital Command  
  22  2:50  Marine  
  23  3:00  SCV, Barracks  
  24  3:11  Factory  
  24  3:12  SCV  
  25  3:15  SCV  
  25  3:19  Supply Depot  
  26  3:24  SCV  
  27  3:27  SCV  
  27  3:31  Marine  
  29  3:36  SCV  
  29  3:39  SCV  
  31  3:48  SCV, Marine  
  31  3:51  SCV  
  34  3:56  Starport  
  34  3:57  Factory Tech Lab  
  34  3:58  Barracks Reactor  
  34  4:00  SCV  
  35  4:04  SCV  
  35  4:06  Marine  
  37  4:13  SCV, Supply Depot  
  37  4:16  SCV  
  39  4:20  Siege Tank  
  42  4:26  SCV  
  42  4:28  SCV  
  44  4:36  Supply Depot  
  44  4:38  SCV  
  45  4:39  Refinery  
  45  4:40  SCV, Refinery  
  46  4:46  Starport Reactor  
  46  5:01  Bunker  
  46  5:02  Bunker  
  46  5:03  Bunker  
  46  5:06  Marine x2  
  48  5:17  Barracks  
  48  5:20  Barracks  
  48  5:24  Barracks  
  48  5:25  Barracks Tech Lab  
  48  5:27  Engineering Bay  
  48  5:29  Command Center  
  48  5:36  Marine x2  
  48  5:38  Medivac x2  
  48  5:39  Siege Tank  
  57  5:51  SCV x2  
  57  5:53  Engineering Bay  
  57  5:54  Marine  
  60  6:03  SCV  
  60  6:04  SCV, Marine x2  
  62  6:06  Marine  
  62  6:07  Terran Infantry Weapons Level 1  
  62  6:08  Medivac  
  67  6:16  SCV x2  
  69  6:29  SCV  
  70  6:41  SCV x2  
  70  6:42  Supply Depot x3  
  70  6:43  Orbital Command  
  70  6:44  Supply Depot  
  72  6:51  Barracks Reactor  
  72  6:52  Barracks Reactor  
  72  6:53  SCV, Barracks Tech Lab  
  73  6:59  Stimpack  
  73  7:00  Supply Depot  
  73  7:03  Marine x2  
  73  7:04  Marine  
  73  7:08  Siege Tank  
  79  7:09  Medivac x2  
  83  7:21  Marine  
  83  7:22  Marauder  
  86  7:25  Marine x2  
  86  7:27  Marine  
  89  7:32  SCV x2  
  91  7:39  Marine  
  91  7:41  Orbital Command  
  91  7:43  Marauder  
  94  7:44  Terran Infantry Armor Level 1, SCV x2  
  94  7:48  Armory  
  96  8:09  Marine  
  96  8:10  Marine x4  
  96  8:11  Marine  
  96  8:12  Marauder x2  
  106  8:14  Medivac  
  106  8:15  Medivac  
  106  8:17  Command Center  
  110  8:23  Barracks  
  110  8:25  Barracks  
  110  8:27  Barracks, Marine x2  
  110  8:29  Barracks, Marine x4  
  110  8:31  Barracks  
  110  8:33  Marauder x2  
  116  8:45  Marine x2  
  116  8:46  Marine  
  116  8:47  Marine x2  
  89  9:05  Marine x7  
  89  9:06  Marine  
  94  9:21  Barracks Reactor x3  
  94  9:22  Marine  
  94  9:23  Barracks Reactor, Marine x7  
  94  9:24  Barracks Tech Lab  
  102  9:26  Combat Shields  
  102  9:29  Terran Infantry Weapons Level 2  
  102  9:45  Supply Depot x2  
  102  9:46  Supply Depot  
  102  9:47  Supply Depot x2  
  102  9:48  Supply Depot  
  102  9:50  Marine x2  
  102  9:51  Marine x4  
  108  9:53  Medivac x2  
  108  9:57  Marine x5  
  108  9:58  Marine x2  
  119  10:05  Marauder  
  119  10:06  Marauder  
  123  10:09  SCV  
  124  10:16  Orbital Command  
  124  10:21  SCV  
  124  10:23  Medivac x2  
  124  10:27  Terran Infantry Armor Level 2  
  129  10:32  Marine x6  
  129  10:33  Marine x6  
  129  10:34  Marine  
  129  10:35  Marauder  
  144  10:36  Marauder  
  144  10:37  Marauder  
  148  10:45  Concussive Shells  
  148  10:49  Refinery  
  148  10:53  Refinery  
  148  11:07  Marine  
  148  11:08  Marine x7  
  148  11:09  Marine x4  
  148  11:10  Marauder x3  
  166  11:12  Marine  
  166  11:13  Marine  
  166  11:14  Medivac x2  
  172  11:19  Command Center  
  172  11:25  Marine x4  
  173  11:26  Marine x4  
  173  11:31  Marauder  
  173  11:32  Marauder  
  184  11:44  Medivac x2  
  188  12:28  Marine  
  188  12:30  Marine x12  
  200  12:38  Medivac, Marine x4  
  200  12:39  Medivac  
  163  12:48  Marauder x3, Marine x2  
  158  12:56  Marine x2  
  160  13:03  Marine x4  
  160  13:04  Marine x6  
  168  13:06  Marine x2  
  168  13:08  Medivac  
  168  13:09  Marine x2, Medivac  
  168  13:10  Marauder  
  178  13:28  Marauder x2  
  178  13:31  Marauder  
  184  13:39  Marine  
  184  13:40  Marine x8  
  184  13:41  Marine x5  
  198  13:49  Marauder  
  195  14:20  Marine x5  
  198  15:48  Command Center  
  198  15:56  Command Center  
  198  16:13  Command Center x2  
Show
View Real Time Build Order
Export as new Build Order

A.I. 1 (Very Hard) Terran 

Build Orders: MMM Bio 

Get SALT Encoding   

  12  0:00  SCV  
  13  0:13  SCV  
  14  0:19  Supply Depot  
  14  0:25  SCV  
  15  0:40  SCV  
  16  0:43  Barracks  
  16  0:52  SCV  
  17  1:04  SCV  
  18  1:16  SCV  
  18  1:17  Supply Depot  
  19  1:22  Refinery  
  19  1:29  SCV, Marine  
  21  1:41  SCV  
  22  1:47  Marine  
  22  1:51  Barracks  
  22  1:53  SCV  
  24  1:55  Refinery  
  24  2:03  Supply Depot  
  24  2:05  Marine  
  24  2:06  SCV  
  26  2:18  SCV  
  27  2:23  Marine  
  27  2:28  Factory  
  28  2:30  SCV  
  29  2:38  Marine  
  29  2:41  Marine  
  29  2:42  SCV  
  32  2:54  SCV  
  32  2:56  Marine  
  34  2:58  Marine  
  35  3:06  SCV  
  35  3:13  Barracks  
  35  3:14  Marine  
  35  3:18  SCV  
  35  3:19  Barracks Tech Lab  
  37  3:26  Factory Tech Lab  
  37  3:30  SCV  
  37  3:33  Barracks Tech Lab  
  38  3:40  Supply Depot  
  38  3:43  SCV  
  38  3:55  SCV  
  39  4:02  Marine x2  
  41  4:03  Stimpack  
  41  4:07  SCV  
  42  4:13  Combat Shields  
  42  4:19  SCV  
  43  4:31  SCV  
  44  4:34  Supply Depot  
  44  4:41  Barracks Reactor, Marauder  
  44  4:43  SCV  
  46  4:52  Command Center  
  46  4:55  SCV  
  46  4:56  Marauder  
  46  4:58  Supply Depot  
  49  5:02  Marine  
  50  5:08  Orbital Command  
  50  5:12  Siege Tank  
  53  5:17  Marine x2  
  53  5:20  Marauder  
  57  5:22  Supply Depot  
  59  5:36  Marauder  
  59  5:42  Marauder  
  61  5:44  Siege Tank  
  61  5:48  Supply Depot  
  66  5:57  Marauder  
  66  6:03  Marauder  
  68  6:04  Engineering Bay  
  69  6:11  SCV  
  69  6:15  SCV  
  69  6:17  Siege Tank  
  73  6:21  Marauder  
  73  6:23  SCV  
  73  6:24  Marauder  
  78  6:27  SCV  
  78  6:32  Terran Infantry Weapons Level 1  
  79  6:35  SCV  
  79  6:39  SCV  
  81  6:42  Marauder  
  81  6:44  Supply Depot  
  81  6:46  Concussive Shells  
  83  6:47  SCV  
  83  6:49  Siege Tank  
  83  6:51  SCV  
  88  6:59  SCV, Engineering Bay  
  89  7:03  SCV  
  90  7:10  Missile Turret  
  90  7:13  Missile Turret  
  90  7:16  Orbital Command  
  90  7:19  Barracks  
  90  7:23  Starport  
  90  7:25  Terran Infantry Armor Level 1  
  90  7:27  Marine  
  91  7:33  Supply Depot, Marine  
  92  7:45  Refinery  
  92  7:46  Marauder  
  96  7:51  Marauder  
  96  7:52  Siege Tank  
  96  7:55  Refinery  
  96  7:57  Supply Depot  
  99  7:59  Medivac  
  101  8:09  Missile Turret  
  101  8:17  SCV  
  102  8:20  Command Center  
  102  8:24  Siege Tank  
  102  8:27  Supply Depot  
  105  8:29  Starport Reactor  
  105  8:35  Armory  
  105  8:39  Marine x2  
  100  8:42  Marine  
  100  8:43  Marine x2  
  76  8:57  Marine  
  76  8:58  Marauder  
  76  9:00  Marine  
  76  9:01  Marine  
  75  9:02  Marine  
  75  9:06  Medivac  
  75  9:15  Viking  
  75  9:16  Marauder  
  67  9:18  Marine  
  67  9:19  Marine, Marauder  
  67  9:20  Marine  
  72  9:25  Terran Vehicle Weapons Level 1  
  72  9:32  SCV  
  72  9:34  SCV  
  72  9:36  SCV, Viking  
  72  9:37  Marauder  
  79  9:43  Marauder  
  79  9:44  SCV  
  79  9:45  Viking  
  84  9:46  SCV  
  84  9:48  SCV  
  86  9:56  SCV  
  86  9:58  SCV, Marauder  
  86  9:59  Marine  
  91  10:01  SCV  
  91  10:05  Marauder  
  91  10:06  Viking  
  96  10:08  SCV  
  96  10:10  SCV, Marine  
  96  10:13  SCV  
  100  10:16  Siege Tank  
  100  10:20  SCV, Marauder  
  106  10:22  SCV  
  106  10:25  SCV  
  106  10:26  Marauder  
  110  10:31  Marine  
  110  10:32  SCV  
  110  10:34  SCV  
  110  10:35  Missile Turret  
  113  10:37  Marine  
  113  10:39  Missile Turret, Orbital Command  
  113  10:41  Marauder  
  116  10:44  Terran Infantry Weapons Level 2  
  116  10:47  Marauder, Widow Mine  
  120  10:53  Supply Depot  
  120  11:00  Missile Turret  
  120  11:02  Marauder  
  122  11:07  Medivac  
  122  11:10  Factory  
  124  11:15  Starport  
  124  11:16  Widow Mine  
  124  11:17  Refinery  
  126  11:20  Refinery  
  126  11:21  Missile Turret  
  126  11:24  Supply Depot  
  126  11:26  Command Center  
  126  11:30  Hi-Sec Auto Tracking  
  126  11:40  Barracks  
  126  11:42  SCV  
  126  11:43  SCV  
  126  11:44  Widow Mine  
  126  11:45  Armory  
  130  11:52  Starport Tech Lab  
  130  11:53  Widow Mine  
  132  11:56  Marine  
  132  11:57  Medivac, Marine  
  132  11:59  Supply Depot  
  132  12:00  SCV, Marine  
  137  12:11  Raven  
  137  12:12  High Capacity Fuel Tanks  
  137  12:13  Viking, Siege Tank  
  144  12:24  Supply Depot, Marine, Factory Tech Lab  
  144  12:27  Viking  
  147  12:34  Missile Turret  
  147  12:35  Missile Turret  
  147  12:37  Marine  
  147  12:38  SCV x2  
  147  12:39  SCV x2, Marine x2  
  147  12:40  Marine x2  
  147  12:41  Refinery  
  147  12:42  Marine  
  147  12:43  Viking, Siege Tank  
  133  12:46  Siege Tank  
  133  12:50  SCV  
  105  12:54  SCV, Viking  
  105  12:55  Marine  
  105  12:57  SCV, Marine x2  
  105  12:58  SCV, Marine  
  89  13:00  Marauder  
  89  13:03  SCV  
  80  13:11  SCV  
  80  13:12  SCV  
  70  13:13  Marine  
  70  13:15  SCV, Siege Tank, Marine  
  65  13:21  Marauder  
  52  13:27  Marine  
  52  13:29  Marine  
  52  13:31  Marauder  
  52  13:33  Marine  
  54  13:37  SCV  
  54  13:38  SCV  
  54  13:40  SCV  
  52  13:43  Marauder  
  52  13:47  Marine x2  
  48  13:51  SCV  
  48  13:55  SCV  
  37  14:03  SCV  
  37  14:05  Marine  
  37  14:07  SCV  
  41  14:15  SCV  
  39  14:19  SCV, Barracks  
  40  14:28  Command Center  
  40  14:30  Supply Depot  
  34  14:40  Supply Depot  
  34  14:51  SCV  
  34  14:57  Command Center  
  34  15:01  SCV  
  34  15:04  Supply Depot  
  24  15:12  Barracks  
  19  15:29  Supply Depot  
  17  15:44  SCV  
  15  15:56  SCV  
  14  16:09  Command Center  
Tags
 
Composition
MMM BioMMM Bio
Matchup
TvT
Race
Terran
Add a new tag
Caveats
  • Supply blocks, unpowered buildings, or Contaminate may cause inaccurate times.
  • Supply counts are checked every 10 seconds.